 Dungeon Crawl Stone Soup version 0.28.0-53-g5a82cb258f (webtiles) character file.

Game seed: 5515981529469135703

103 suse60 the Skirmisher (level 4, 0/45 HPs)
             Began as a Minotaur Fighter on Aug 10, 2022.
             Succumbed to a goblin's poison
             ... on level 2 of the Dungeon.
             The game lasted 00:05:15 (1704 turns).

suse60 the Skirmisher (Minotaur Fighter)            Turns: 1704, Time: 00:05:16

Health: 0/45       AC:  6    Str: 22    XL:     4   Next: 51%
Magic:  3/3        EV:  9    Int:  5    God:
Gold:   25         SH:  4    Dex: 10    Spells: 3/3 levels left

rFire   . . .      SeeInvis .   a - +0 war axe
rCold   . . .      Faith    .   c - +0 buckler
rNeg    . . .      Spirit   .   b - +0 scale mail
rPois   .          Reflect  .   (helmet restricted)
rElec   .          Harm     .   (no cloak)
rCorr   .          Rampage  .   (no gloves)
Will    .....                   (no boots)
Stlth   ..........              (no amulet)
HPRegen 0.15/turn               (no ring)
MPRegen 0.08/turn               (no ring)

@: mighty, lethally poisoned (0 -> -1)
A: horns 2, retaliatory headbutt
a: no special abilities


You were on level 2 of the Dungeon.
You visited 1 branch of the dungeon, and saw 2 of its levels.

You collected 25 gold pieces.

Inventory:

Hand Weapons
 a - a +0 war axe (weapon)
Armour
 b - a +0 scale mail (worn)
 c - a +0 buckler (worn)
Wands
 e - a wand of flame (6)
Scrolls
 g - 2 scrolls of magic mapping
 h - a scroll of amnesia {unknown}
Potions
 d - a potion of might


   Skills:
 + Level 6.5 Fighting
 - Level 2.4 Axes
 - Level 3.6 Armour
 - Level 3.6 Shields


You had 3 spell levels left.
You didn't know any spells.
Your spell library contained the following spells:

 Spells                   Type           Power      Damage    Failure   Level
 Sandblast                Erth           0%         2d4       88%         1
 Passwall                 Tmut/Erth      0%         N/A       95%         2
 Stone Arrow              Conj/Erth      0%         3d7       99%         3


Dungeon Overview and Level Annotations

Branches:
Dungeon (2/15)

Altars:


Innate Abilities, Weirdness & Mutations

You have a pair of horns on your head.
You reflexively headbutt those who attack you in melee.


Message History

You kill the goblin!
You slash the endoplasm!
You kill the endoplasm!
You feel very sick.
The goblin no longer looks unusually strong.
Robin flexes a bicep menacingly.
You barely miss Robin.
* * * LOW HITPOINT WARNING * * *
You feel very sick. Robin hits you but does no damage.
The kobold hits you with a +0 club.
* * * LOW HITPOINT WARNING * * *
You closely miss Robin. You slash the kobold!
You kill the kobold!
* * * LOW HITPOINT WARNING * * *
You feel very sick.
The goblin no longer looks unusually strong.
Robin roars a battlecry!
The goblins go into a battle-frenzy!
Robin throws the goblin at you!
* * * LOW HITPOINT WARNING * * *
You slash Robin!
You kill Robin!
You hit the goblin. You slash the goblin!
You kill the goblin!
* * * LOW HITPOINT WARNING * * *
You feel sick. You block the goblin's attack.
The goblin hits you with a +0 club.
* * * LOW HITPOINT WARNING * * *
You closely miss the goblin. Your headbutt misses the goblin.
The goblin is heavily wounded.
* * * LOW HITPOINT WARNING * * *
You feel sick. The goblin hits you but does no damage.
You hit the goblin.
You kill the goblin!
* * * LOW HITPOINT WARNING * * *
You feel sick.
You feel mightier all of a sudden.
* * * LOW HITPOINT WARNING * * *
You feel sick.
You die...

****** ***,,,,** *#.,,,,,,***** *
**********#####.,,,,,,,,,,,* *
,,,,,,,,,,,.....*####,,***,** *
,*****,**,**#..##...##,,*,,,*****
,* *,*#,*##..#))...#,,,,,,,,*,*
,** **.##.##...)@)...#,,,,,,*,,,,
,,***,.)....>..#))...#,,,,,,,****
,,,,,,......†..##.?.##,,****,* *
,,***,..#.####..#####..*****,* *
,** **,*#,* ##........,,,,,,* *
,,****,**,* #......##*****,****
*,,,>,,,,,* #.###>.# *,<,,.
,,*,**,**######.###..# *,***#
***,,,,* #...........# *,* #


There were no monsters in sight!

Vanquished Creatures
  Jessica (D:2)
  Robin (D:2)
  An adder (D:2)
  A worm (D:2)
  An orc (D:2)
  6 endoplasms
  11 goblins
  6 hobgoblins
  4 quokkas
  A ball python (D:1)
  3 bats (D:1)
  2 frilled lizards (D:1)
  A jackal skeleton (D:2)
  8 kobolds
  5 rats
52 creatures vanquished.

Vanquished Creatures (others)
  8 plants (D:2)
8 creatures vanquished.

Grand Total: 60 creatures vanquished

Notes
Turn   | Place    | Note
-------+----------+-------------------------------------------
     0 | D:1      | suse60 the Minotaur Fighter began the quest for the Orb.
     0 | D:1      | Reached XP level 1. HP: 19/19 MP: 0/0
   115 | D:1      | Reached skill level 4 in Fighting
   187 | D:1      | Reached XP level 2. HP: 28/28 MP: 1/1
   379 | D:1      | Found a faded altar of an unknown god.
  1012 | D:1      | Reached skill level 5 in Fighting
  1143 | D:2      | Reached XP level 3. HP: 14/36 MP: 2/2
  1627 | D:2      | Noticed Jessica
  1643 | D:2      | Killed Jessica
  1644 | D:2      | Reached skill level 6 in Fighting
  1644 | D:2      | Reached XP level 4. HP: 38/44 MP: 3/3
  1686 | D:2      | Noticed Robin
  1700 | D:2      | Killed Robin
  1701 | D:2      | HP: 2/45 [poisoned by a goblin]
  1704 | D:2      | Succumbed to a goblin's poison

Illustrated notes

Levels and vault maps discovered:
D:1:      lightli_arrival_farm, layout_basic, basic_ecumenical_altar
D:2:      layout_loops_ring, serial_forest, infiniplex_forest_corner_2,
          infiniplex_forest_corner_2, infiniplex_forest_straight_2,
          infiniplex_forest_clump_curved, infiniplex_forest_straight_2,
          infiniplex_forest_lined_4_way, serial_bayou_pond_c,
          kennysheep_jessica_study, uniq_jessica, uniq_robin, uniq_sigmund

Skill      XL: |  1  2  3 |
---------------+----------+-----
Fighting       | 4 5 6 |  6.5
Axes           | |  2.4
Armour         | |  3.6
Shields        | |  3.6

Action                   |  1- 3 |  4- 6 || total
-------------------------+-------+-------++-------
Melee: War axe           |    87 |    15 ||   102
       Headbutt          |    12 |     1 ||    13
Evoke: Wand              |     3 |       ||     3
  Use: Scroll            |     4 |       ||     4
       Potion            |       |     2 ||     2
Armor: Scale mail        |    33 |    12 ||    45
Dodge: Dodged            |    26 |     4 ||    30
Block: Buckler           |    16 |     3 ||    19
